 Dungeon Crawl Stone Soup version 0.28.0-62-gf88900778d (webtiles) character file.

Game seed: 5640511003313799359

166 cbfl8 the Sneak (level 5, 0/32 HPs)
             Began as a Kobold Brigand on June 24, 2023.
             Succumbed to a water moccasin's poison
             ... on level 4 of the Dungeon.
             The game lasted 00:03:46 (4108 turns).

cbfl8 the Sneak (Kobold Brigand)                    Turns: 4108, Time: 00:03:46

Health: 0/32       AC:  4    Str: 10    XL:     5   Next: 76%
Magic:  5/5        EV: 14    Int: 13    God:
Gold:   154        SH:  0    Dex: 16    Spells: 4/4 levels left

rFire   . . .      SeeInvis .   b - +3 dagger (venom)
rCold   . . .      Faith    .   (no shield)
rNeg    . . .      Spirit   .   j - +0 leather armour
rPois   .          Reflect  .   (no helmet)
rElec   .          Harm     .   c - +0 cloak
rCorr   .          Rampage  .   (no gloves)
Will    .....                   (no boots)
Stlth   ++++......              (no amulet)
HPRegen 0.10/turn               (no ring)
MPRegen 0.09/turn               (no ring)

@: lethally poisoned (0 -> -8), about to teleport, hasted, very quick
A: small, no large weapons, nightstalker 3
a: no special abilities


You were on level 4 of the Dungeon.
You visited 1 branch of the dungeon, and saw 4 of its levels.

You collected 154 gold pieces.

Inventory:

Hand Weapons
 b - a +3 dagger of venom (weapon)
Missiles
 d - 13 poisoned darts (quivered)
 e - 2 curare-tipped darts
Armour
 c - a +0 cloak (worn)
 j - a +0 leather armour (worn)
Scrolls
 g - 2 scrolls of magic mapping
 q - a scroll of noise {unknown}
Potions
 h - a potion of berserk rage
 i - a potion of mutation
 k - 2 potions of attraction


   Skills:
 * Level 2.9 Fighting
 + Level 3.6 Short Blades
 - Level 2.2 Throwing
 * Level 1.3 Armour
 * Level 2.0 Dodging
 + Level 6.8 Stealth
 * Level 2.0 Evocations


You had 4 spell levels left.
You didn't know any spells.
Your spell library was empty.

Dungeon Overview and Level Annotations

Branches:
Dungeon (4/15)
 Temple: D:4-7

Altars:


Innate Abilities, Weirdness & Mutations

You are small and have problems with some larger weapons.
You are completely attuned to the shadows.


Message History

You feel very sick. The water moccasin bites you.
It was a potion of resistance.
You feel protected.
You feel very sick.
The water moccasin completely misses you.
It was a potion of ambrosia.
You are confused.
You feel invigorated.
You feel very sick. The water moccasin closely misses you.
The water moccasin bites you.
It was a potion of cancellation.
Your magical effects are unravelling.
You feel magically purged.
You feel less invigorated.
You feel less confused.
Your resistance to elements expires.
You feel very sick.
The water moccasin looks more healthy.
The water moccasin barely misses you.
You feel less attractive to monsters.
It was a potion of haste.
You feel yourself speed up.
You feel sick.
The water moccasin completely misses you.
The water moccasin bites you.
You are lethally poisoned!
The water moccasin poisons you!
As you read the scroll labelled IMESHOE HOOJA, it crumbles to dust.
You feel strangely unstable.
It was a scroll of teleportation.
* * * LOW HITPOINT WARNING * * *
You feel very sick. The water moccasin barely misses you.
Unknown command.
Okay, then.
* * * LOW HITPOINT WARNING * * *
You feel sick.
* * * LOW HITPOINT WARNING * * *
You feel sick.
* * * LOW HITPOINT WARNING * * *
You feel sick.
There is an open door here.
* * * LOW HITPOINT WARNING * * *
You feel sick.
You die...

..# ########..#
##.....##..##.
#.............
####............
..##....)##..#####
..##.....##..##..##
..'.......(..S'.@.#
..#......##..##...#
..##..<..##..##...#
####...........(..#
..................#
..##..##.##..##...#
.>######.##..##...#
..##.........###+##
............)##..##


You could see a water moccasin.

Vanquished Creatures
  A hound (D:3)
  An iguana (D:2)
  2 adders (D:3)
  A worm (D:2)
  4 dart slugs
  5 orcs
  6 bats
  6 endoplasms
  5 giant cockroaches
  6 hobgoblins
  3 jackals (D:1)
  2 quokkas
  7 ball pythons
  2 frilled lizards
  8 goblins
  4 kobolds
  3 rats
66 creatures vanquished.

Notes
Turn   | Place    | Note
-------+----------+-------------------------------------------
     0 | D:1      | cbfl8 the Kobold Brigand began the quest for the Orb.
     0 | D:1      | Reached XP level 1. HP: 12/12 MP: 1/1
   134 | D:1      | Reached XP level 2. HP: 10/17 MP: 2/2
   709 | D:1      | Reached XP level 3. HP: 21/21 MP: 3/3
   907 | D:1      | Reached skill level 6 in Stealth
  1575 | D:2      | Reached skill level 1 in Evocations
  1680 | D:2      | HP: 1/22 [iguana (11)]
  1686 | D:2      | Reached XP level 4. HP: 2/27 MP: 4/4
  2664 | D:3      | Reached XP level 5. HP: 31/31 MP: 5/5
  2707 | D:3      | Reached skill level 1 in Armour
  3854 | D:4      | Noticed a water moccasin
  4108 | D:4      | Succumbed to a water moccasin's poison

Illustrated notes

Levels and vault maps discovered:
D:1:      minmay_arrival_statue_studded, layout_loops_ring
D:2:      layout_rooms, kennysheep_cluttered_room
D:3:      kennysheep_big_flooded_room, layout_basic
D:4:      layout_gridville

Skill      XL: |  1  2  3  4  5 |
---------------+----------------+-----
Short Blades   | 3 |  3.6
Stealth        | 6 |  6.8
Evocations     | 1 2 |  2.0
Armour         | 1 |  1.3
Dodging        | 2 |  2.0
Fighting       | |  2.9
Throwing       | |  2.2

Action                   |  1- 3 |  4- 6 || total
-------------------------+-------+-------++-------
Melee: Dagger            |    78 |    59 ||   137
       Punch             |     1 |     1 ||     2
Throw: Dart              |       |     1 ||     1
  Use: Scroll            |     1 |     5 ||     6
       Potion            |     1 |     8 ||     9
 Stab: Sleeping          |    26 |    14 ||    40
       Distracted        |       |     1 ||     1
Armor: Robe              |     8 |       ||     8
       Leather armour    |     2 |    15 ||    17
Dodge: Dodged            |    39 |    47 ||    86
